 Dungeon Crawl Stone Soup version 0.19.5 (webtiles) character file.

175 AAAAA the Sneak (level 5, 0/35 HPs)
             Began as an Octopode Artificer on Apr 14, 2017.
             Shot with a stone by a goblin (6 damage)
             ... on level 2 of the Dungeon.
             The game lasted 00:04:59 (2748 turns).

AAAAA the Sneak (Octopode Artificer)                Turns: 2748, Time: 00:04:59

Health: 0/35       AC:  1    Str:  8 (11) XL:     5   Next: 55%
Magic:  7/7        EV: 13    Int: 11 (14) God:
Gold:   147        SH:  0    Dex: 13 (15) Spells: 0 memorised, 4 levels left

rFire  . . .     SeeInvis .     a - +0 dagger
rCold  . . .     Gourm    .     (no shield)
rNeg   . . .     Faith    .     (helmet restricted)
rPois  .         Spirit   .     v - amulet of rage
rElec  .         Reflect  .     k - +2 ring of dexterity
rCorr  .         Harm     .     (no ring)
MR     .....                    (no ring)
Stlth  +++++.....               (no ring)
                                (no ring)
                                (no ring)
                                (no ring)
                                (no ring)

@: no status effects
A: almost no armour, stealthy swim, amphibious, 8 rings, constrict 8, camouflage
1, gelatinous body 1
a: Evoke Berserk Rage


You were on level 2 of the Dungeon.
You were not hungry.

You visited 1 branch of the dungeon, and saw 2 of its levels.

You collected 147 gold pieces.

Inventory:

Hand Weapons
 a - a +0 dagger (weapon)
 s - a +0 short sword
 u - a +2 falchion of holy wrath
Jewellery
 k - a +2 ring of dexterity (left tentacle)
 v - an amulet of rage (around mantle)
Wands
 b - a wand of flame (15/48)
 c - a wand of enslavement (15/24)
 d - a wand of random effects (15/48)
Scrolls
 g - a scroll of magic mapping
 j - 2 scrolls of identify {unknown}
 l - 3 scrolls of remove curse {unknown}
 n - a scroll of enchant armour {unknown}
 r - a scroll of fog {unknown}
 t - a scroll of amnesia {unknown}
 w - a scroll of recharging {unknown}
Potions
 e - a potion of lignification {unknown}
 h - a potion of resistance {unknown}
 i - 2 potions of curing {unknown}
 o - a potion of might {unknown}
 q - a potion of degeneration
Comestibles
 f - a bread ration
 m - a slice of pizza
 p - 2 chunks of flesh


   Skills:
 + Level 2.4 Fighting
 * Level 3.0 Short Blades
 - Level 2.0 Dodging
 * Level 5.1 Stealth
 - Level 3.2 Evocations


You had 4 spell levels left.
You didn't know any spells.

Dungeon Overview and Level Annotations

Branches:
Dungeon (2/15)

Altars:
Makhleb


Innate Abilities, Weirdness & Mutations

You cannot wear most types of armour.
You are very stealthy in the water. (Stealth+)
You are amphibious.
You can wear up to eight rings at the same time.
You can use your tentacles to constrict eight enemies at once.
Your skin changes colour to match your surroundings (Stealth+).
Your rubbery body absorbs attacks. (AC +1, EV +1)


Message History

You hit the goblin but do no damage. You grab the goblin.
You constrict the goblin.
The goblin unwields an uncursed dagger.
The goblin wields a hunting sling.
The goblin shoots a stone.
The stone hits you.
* * * LOW HITPOINT WARNING * * *
You are too injured to fight recklessly!
You release your grip on the goblin.
There is an open gate here.
You see here a stone.
The goblin shoots a stone.
The stone barely misses you.
The goblin unwields an uncursed mace.
The goblin wields an uncursed hunting sling.
The goblin shoots a stone.
The stone hits you.
* * * LOW HITPOINT WARNING * * *
You see here a stone.
It was a potion of degeneration.
There was something very wrong with that liquid.
You feel weakened.
You feel dopey.
You feel clumsy.
The goblin shoots a stone.
The stone hits you.
You die...

*≈≈≈≈≈≈≈≈≈≈≈≈≈**########.##.#####
*≈≈≈≈≈≈≈≈≈≈≈≈≈≈#* #.##.#
****,,,,,....≈≈≈* #.##.#
*,,*,,,,,,....≈≈* #.##.#####
*,,*,,,****#.?≈≈* #)##.##...
*,,*****,./#..≈≈########.#...#.##
**+*#,,+,..'..≈≈≈#((((.).......#
#...#..#,,,#.g≈≈≈#)#######...####
#..g#..#########@≈(# ##...[.#
#..g#..........#(≈)# #####.#
#gg.#....g.....'g..# #.#
#.g.#...g.....('..(# #..
#...#.!........'...# ###
#...#..........#≈≈##
#''##.(#########(≈#
#...(.g#...#.g≈(≈##
#....()).ggg)g≈≈≈#


You could see 2 goblins.

Vanquished Creatures
  Jessica (D:2)
  Ijyb (D:2)
  Robin (D:2)
  4 adders (D:2)
  A gnoll (D:1)
  3 oozes
  A worm (D:1)
  3 dart slugs
  A leopard gecko (D:2)
  A giant cockroach (D:2)
  13 goblins
  4 hobgoblins
  2 jackals (D:2)
  A quokka (D:2)
  3 bats
  3 frilled lizards (D:1)
  6 kobolds
  3 rats
52 creatures vanquished.

Notes
Turn   | Place    | Note
-------+----------+-------------------------------------------
     0 | D:1      | AAAAA the Octopode Artificer began the quest for the Orb.
     0 | D:1      | Reached XP level 1. HP: 13/13 MP: 3/3
   236 | D:1      | Reached skill level 2 in Stealth
   236 | D:1      | Reached XP level 2. HP: 18/18 MP: 4/4
   475 | D:1      | Reached skill level 3 in Stealth
   475 | D:1      | Reached XP level 3. HP: 23/23 MP: 5/5
  1015 | D:2      | Noticed Jessica
  1226 | D:2      | Reached XP level 4. HP: 18/29 MP: 6/6
  1433 | D:2      | Killed Jessica
  1433 | D:2      | Reached skill level 4 in Stealth
  1469 | D:2      | Found a burning altar of Makhleb.
  1693 | D:2      | Reached XP level 5. HP: 32/35 MP: 7/7
  1791 | D:2      | Noticed Ijyb
  1801 | D:2      | Killed Ijyb
  2313 | D:2      | Noticed Robin
  2690 | D:2      | Killed Robin
  2690 | D:2      | Reached skill level 5 in Stealth
  2748 | D:2      | Shot with a stone by a goblin

Skill      XL: |  1  2  3  4  5 |
---------------+----------------+-----
Stealth        | 2 3 4 5 |  5.1
Short Blades   | 2 3 |  3.0
Fighting       | 2 |  2.4
Dodging        | |  2.0
Evocations     | |  3.2

Action                   |  1- 3 |  4- 6 || total
-------------------------+-------+-------++-------
Melee: Short sword       |    61 |    36 ||    97
       Constrict         |    12 |    19 ||    31
       Tentacles         |    14 |    15 ||    29
       Dagger            |       |    54 ||    54
  Use: Scroll            |     1 |       ||     1
       Potion            |       |     1 ||     1
 Stab: Sleeping          |     5 |     8 ||    13
  Eat: Chunk             |       |     6 ||     6
Armor: Skin              |     5 |     9 ||    14
Dodge: Dodged            |    33 |    79 ||   112
